 Dungeon Crawl Stone Soup version 0.30-a0-222-ge547ba4400 (webtiles) character file.

Game seed: 12327283444088173228

727 ragingrage the Chiller (level 7, 0/56 HPs)
             Began as a Demigod Wanderer on Oct 8, 2022.
             Succumbed to an orc's poison
             ... on level 5 of the Dungeon.
             The game lasted 00:10:06 (4954 turns).

ragingrage the Chiller (Demigod Wanderer)           Turns: 4954, Time: 00:10:07

Health: 0/56       AC:  4    Str: 18    XL:     7   Next: 20%
Magic:  13/14      EV: 10    Int: 23    God:
Gold:   214        SH:  3    Dex: 13    Spells: 4/12 levels left

rFire   . . .      SeeInvis .      - Unarmed
rCold   . . .      Faith    .    w - +0 buckler
rNeg    . . .      Spirit   .    d - +0 robe
rPois   .          Reflect  .    (no helmet)
rElec   .          Harm     .    B - +1 cloak
rCorr   .          Rampage  .    (no gloves)
Will    .....                    (no boots)
Stlth   +.........               j - amulet of the acrobat
HPRegen 0.29/turn                k - +6 ring of strength
MPRegen 0.14/turn                (no ring)

@: lethally poisoned (0 -> -4), invisible
A: high MP 1, forlorn, divine attributes
a: no special abilities


You were on level 5 of the Dungeon.
You visited 2 branches of the dungeon, and saw 7 of its levels.
You also visited: Sewer.

You collected 262 gold pieces.
You spent 48 gold pieces at shops.

Inventory:

Hand Weapons
 a - a +0 dagger
 D - a +0 trident
Missiles
 n - 8 boomerangs (quivered)
 u - 2 poisoned darts
Armour
 d - a +0 robe (worn)
 w - a +0 buckler (worn)
 x - a +0 scale mail of poison resistance
 B - a +1 cloak (worn)
Jewellery
 j - an amulet of the acrobat (around neck)
 k - a +6 ring of strength (left hand)
 v - a +6 ring of strength
Wands
 C - a wand of flame (9)
Scrolls
 b - 2 scrolls of vulnerability
 e - 3 scrolls of fog
 f - 6 scrolls of identify
 h - 3 scrolls of magic mapping
 l - a scroll of summoning {unknown}
 m - 3 scrolls of enchant armour {unknown}
 p - 2 scrolls of fear
 q - 2 scrolls of immolation {unknown}
 y - a scroll of teleportation {unknown}
 z - a scroll of noise {unknown}
 A - a scroll of poison {unknown}
Potions
 g - 2 potions of resistance
 i - a potion of ambrosia
 o - a potion of attraction
 r - a potion of flight


   Skills:
 - Level 2.6 Fighting
 - Level 1.0 Armour
 - Level 1.0 Unarmed Combat
 - Level 3.0 Spellcasting
 + Level 2.1 Conjurations
 + Level 2.0 Summonings
 * Level 6.5 Ice Magic
 - Level 1.0 Evocations


You had 4 spell levels left.
You knew the following spells:

 Your Spells              Type           Power      Damage    Failure   Level
a - Freeze                Ice            100%       1d11      1%          1
b - Hailstorm             Conj/Ice       23%        3d7       9%          3
c - Summon Ice Beast      Ice/Summ       23%        N/A       26%         4

Your spell library contained the following spells:

 Spells                   Type           Power      Damage    Failure   Level


Dungeon Overview and Level Annotations

Branches:
Dungeon (6/15)             Temple (1/1) D:5           Sewer (visited)

Shops:
D:2 *

Annotations:
D:4 exclusion: downstairs
D:5 Grinder


Innate Abilities, Weirdness & Mutations

You have an increased reservoir of magic. (+10% MP)
You shall have no god before yourself.
Your divine heritage dramatically boosts your attributes as you level up.


Message History

Your Summonings skill increases to level 2!
Throw: 8 boomerangs
Press: ? - help, Q - select action, (/) - cycle Shift-Dir - straight line, f - orc
Aim: an orc, wielding a +0 short sword of venom (57% to hit)
You throw a boomerang. The boomerang barely misses the orc.
You hear a shout!
Throw: 8 boomerangs
Press: ? - help, Q - select action, (/) - cycle Shift-Dir - straight line, f/p - orc
Aim: an orc, wielding a +0 short sword of venom (57% to hit)
You throw a boomerang. The boomerang hits the orc.
The orc is almost dead.
The orc warrior unwields a +0 short sword.
The orc warrior wields a +2 vorpal arbalest.
The orc warrior shoots a bolt.
The bolt barely misses you.
The orc hits you with a +0 short sword of venom.
You are poisoned.
Unknown command.
Casting: Freeze (safe; 1% risk of failure)
Confirm with . or Enter, or press ? or * to list all spells.
Aiming: Freeze (safe; 1% risk of failure)
Press: ? - help, Shift-Dir - straight line, f/p - orc
Aim: an orc, wielding a +0 short sword of venom (severely wounded)
You freeze the orc!
You kill the orc!
You feel very sick.
The orc warrior shoots a bolt.
The bolt hits you!!
You feel very sick.
There is a stone staircase leading up here.
You feel sick.
The orc warrior shoots a bolt.
The bolt hits you!
* * * LOW HITPOINT WARNING * * *
x2 You climb upwards.
You hear the hiss of flowing sand.
There is an entrance to an ossuary on this level.
Hurry and find it before the portal is buried!
The walls and floor vibrate strangely for a moment.
Level annotation: Grinder
* * * LOW HITPOINT WARNING * * *
You feel sick. The orc barely misses you. You block the orc's attack.
There is a stone staircase leading down here.
You fade into invisibility!
You die...

....# #...........#
....# ##..........#
....# #..........##
.....#
##..........#
.....# ##.........#
... #.........#
##.......##
##.....## #...o@#
##.....# #...[..# .
.... ##.....o# ..
.... #.......# #...
.... #.......#
##..o.. .h.#
##......o###.......
#..###†..........o#
#...#...........###


You could see an orc wizard (unable to see you) and 2 orcs.

Vanquished Creatures
  Pargi (Sewer)
  2 necrophages (D:4)
  3 scorpions
  2 hounds (D:5)
  A jelly (D:6)
  An iguana (D:4)
  Terence (D:3)
  An orc wizard (D:4)
  2 adders
  2 dart slugs
  7 orcs
  6 endoplasms
  6 giant cockroaches
  9 goblins
  6 hobgoblins
  5 jackals
  6 kobolds
  4 quokkas
  11 ball pythons
  11 bats
  2 frilled lizards (D:1)
  3 rats
92 creatures vanquished.

Vanquished Creatures (collateral kills)
  A necrophage (D:4)
1 creature vanquished.

Grand Total: 93 creatures vanquished

Notes
Turn   | Place    | Note
-------+----------+-------------------------------------------
     0 | D:1      | ragingrage the Demigod Wanderer began the quest for the
                  | Orb.
     0 | D:1      | ragingrage set off with the following items: a +0 dagger, a
                  | scroll of vulnerability, a potion of invisibility, a +0
                  | robe, a scroll of fog; and the following spell memorised:
                  | Freeze; and the following spells available to memorise:
                  | Hailstorm, Summon Ice Beast.
     0 | D:1      | Reached XP level 1. HP: 18/18 MP: 4/4
   170 | D:1      | Reached skill level 3 in Ice Magic
   227 | D:1      | Reached XP level 2. HP: 19/25 MP: 1/5
  1224 | D:2      | Reached XP level 3. HP: 29/30 MP: 3/7
  1431 | D:2      | Found Jauleyn's General Store.
  1439 | D:2      | Bought a scroll of fear for 48 gold pieces
  1577 | D:2      | Learned a level 3 spell: Hailstorm
  1710 | D:3      | Reached skill level 4 in Ice Magic
  1760 | D:3      | Found a glowing drain.
  1892 | Sewer    | Entered a sewer
  2005 | Sewer    | Noticed Pargi
  2015 | Sewer    | Killed Pargi
  2016 | Sewer    | Reached XP level 4. HP: 37/37 MP: 2/10
  2266 | D:3      | Noticed Terence
  2409 | D:3      | Reached XP level 5. HP: 37/42 MP: 7/11
  2522 | D:3      | Killed Terence
  2523 | D:3      | Reached skill level 5 in Ice Magic
  3032 | D:3      | Learned a level 4 spell: Summon Ice Beast
  3432 | D:4      | Reached XP level 6. HP: 42/50 MP: 2/13
  3881 | D:4      | Reached skill level 1 in Conjurations
  3886 | D:4      | Reached skill level 1 in Summonings
  4333 | D:5      | Entered Level 5 of the Dungeon
  4358 | D:5      | Found a staircase to the Ecumenical Temple.
  4366 | Temple   | Entered the Ecumenical Temple
  4444 | D:5      | Reached skill level 6 in Ice Magic
  4509 | D:5      | Noticed Grinder
  4545 | D:5      | Paralysed by Grinder for 5 turns
  4555 | D:5      | Paralysed by Grinder for 4 turns
  4563 | D:5      | Paralysed by Grinder for 5 turns
  4867 | D:5      | Reached XP level 7. HP: 50/56 MP: 11/14
  4952 | D:6      | HP: 2/56 [orc warrior/bolt (5)]
  4954 | D:5      | Succumbed to an orc's poison

Illustrated notes

Levels and vault maps discovered:
D:1:      onia_arrival_pyramid, layout_basic, nicolae_ecumenical_snake_handling
D:2:      layout_rooms, serial_shops, nicolae_shop_advertising_works
          [nicolae_subvault_shop_adworks]
D:3:      layout_rooms, portal_sewer_entry_f, uniq_terence
D:4:      layout_loops_ring, mainiacjoe_overflow_two_lobes
D:5:      layout_cave_pods, minmay_temple_entry_fiery,
          nicolae_ossuary_entry_plus, nicolae_shop_vocational, uniq_grinder
D:6:      minmay_chambers_of_sixes, layout_gridville, kennysheep_windowed_goal
Temple:   lightli_temple_of_artemis

Skill      XL: |  1  2  3  4  5  6  7 |
---------------+----------------------+-----
Ice Magic      | 3 4 5 6 |  6.5
Spellcasting   | 2 3 |  3.0
Conjurations   | 1 2 |  2.1
Summonings     | 1 2 |  2.0
Fighting       | |  2.6
Armour         | |  1.0
Unarmed Combat | |  1.0
Evocations     | |  1.0

Action                   |  1- 3 |  4- 6 |  7- 9 || total
-------------------------+-------+-------+-------++-------
Melee: Dagger            |    23 |       |       ||    23
       Unarmed           |    15 |    48 |       ||    63
Throw: Boomerang         |       |       |     6 ||     6
 Cast: Freeze            |    71 |    85 |     5 ||   161
       Summon Ice Beast  |       |     1 |       ||     1
Evoke: Wand              |       |     5 |       ||     5
  Use: Scroll            |     5 |       |       ||     5
       Potion            |     1 |     3 |     1 ||     5
Armor: Robe              |    14 |     4 |     2 ||    20
       Scale mail        |       |    29 |       ||    29
Dodge: Dodged            |    90 |    49 |     2 ||   141
Block: Buckler           |       |    15 |     1 ||    16

Table legend: (Time is in decaauts)
 A = Elapsed time spent in this place.
 B = Non-inter-level travel time spent in this place.
 C = Inter-level travel time spent in this place.
 D = Time resting spent in this place.
 E = Time spent auto-exploring this place.
 F = Levels seen in this place.
 G = Mean time per level.
                   A        B        C        D        E       F      G
               +--------+--------+--------+--------+--------+-----+--------+
         Total |   4943 |   4726 |    217 |    801 |   2750 |   8 |  617.9 |
       Dungeon |   4721 |   4504 |    217 |    784 |   2604 |   6 |  786.8 |
        Temple |      1 |      1 |      0 |      0 |      0 |   1 |    1.0 |
         Sewer |    219 |    219 |      0 |     17 |    146 |   1 |  219.0 |
               +--------+--------+--------+--------+--------+-----+--------+

Top non-repeatable levels by time:
     D:4: 1828 daAuts
     D:1: 1106 daAuts
     D:3: 886 daAuts
     D:2: 510 daAuts
     D:5: 376 daAuts
   Sewer: 219 daAuts
     D:6: 12 daAuts
  Temple: 1 daAuts
